 Dungeon Crawl Stone Soup version 0.32-a0-411-g744942f433 (webtiles) character file.

Game seed: 7106744503367374146

8 Bravepunisher the Ducker (level 2, 0/16 HPs)
             Began as a Spriggan Monk on Feb 21, 2024.
             Slain by an orc warrior
             ... wielding a +0 short sword
              (4 damage)
             ... on level 7 of the Dungeon.
             The game lasted 00:03:07 (728 turns).

Bravepunisher the Ducker (Spriggan Monk)             Turns: 728, Time: 00:03:08

Health: 0/16       AC:  2    Str:  7    XL:     2   Next: 0%
Magic:  3/3        EV: 19    Int: 11    God:
Gold:   40         SH:  0    Dex: 17    Spells: 1/1 levels left

rFire   . . .        a - +0 short sword
rCold   . . .        (no shield)
rNeg    . . .        b - +0 robe
rPois   .            (helmet restricted)
rElec   .            (no cloak)
rCorr   .            (gloves unavailable)
SInv    +            (boots unavailable)
Will    .....        (no amulet)
Stlth   ++           (no ring)
HPRegen 0.22/turn    (no ring)
MPRegen 0.08/turn

%: no passive effects
@: very quick
A: very small, no large weapons, unfitting armour, see invisible, speed 3
a: Convert to Beogh


You were on level 7 of the Dungeon.
You visited 1 branch of the dungeon, and saw 7 of its levels.

You collected 40 gold pieces.

Inventory:

Hand Weapons
 a - a +0 short sword (weapon)
Armour
 b - a +0 robe (worn)
Jewellery
 f - the ring "Zempydie" {rCorr Int+4}
   (You found it on level 6 of the Dungeon)

   [ring of resist corrosion]

   Int+4:     It affects your intelligence (+4).
   rCorr:     It protects you from acid and corrosion.
Scrolls
 d - a scroll of noise {unknown}
 e - 4 scrolls of identify {unknown}
Potions
 c - a potion of ambrosia


   Skills:
 + Level 2.6 Fighting
 - Level 3.2 Short Blades
 * Level 4.5 Dodging


You had one spell level left.
You didn't know any spells.
Your spell library was empty.

Dungeon Overview and Level Annotations

Branches:
Dungeon (7/15)
 Temple: D:4-7

Altars:

Portals:
Sewer: D:6

Annotations:
D:6 Jeremiah


Innate Abilities, Weirdness & Mutations

You are very small and have problems with some larger weapons.
You are too small for most types of armour.
You have supernaturally acute eyesight. (SInv)
You cover ground extremely quickly. (Speed+++)


Message History

The giant cockroach waves its antennae.
You have reached level 2!
You hear the slow rusting of a distant drain.
e - 4 scrolls labelled WAOZEO RYHELAI (gained 3)
You now have 34 gold pieces (gained 15).
Found 3 stones.
Found a stone staircase leading down.
Jeremiah, Barachi Dreamer comes into view.
They are wielding a +2 trident of draining and wearing an orb of energy.
Jeremiah shouts!
You see here the ring "Zempydie" {rCorr Int+4}.
f - the ring "Zempydie" {rCorr Int+4} You hear the slow rusting of a distant drain.
Found a shortbow.
Found 6 gold pieces.
You now have 40 gold pieces (gained 6).
There is a stone staircase leading down here.
You climb downwards.
Found 2 boomerangs.
There is a stone staircase leading up here.
An orc and an orc priest come into view.
The orc priest shouts!
There is a dry fountain here.
An orc warrior comes into view. It is wielding a +0 short sword.
An orc wizard comes into view. It is wielding a +0 dagger.
You closely miss the orc priest.
An orc wizard comes into view. It is wielding a +0 dagger.
The orc barely misses you.
The orc priest mumbles some strange prayers to Beogh against you.
Beogh smites you!
Ouch! That really hurt!
* * * LOW HITPOINT WARNING * * *
The orc priest shouts, "The Pantheon deserves no one's loyalty.
Let us show you the true path!" (press Y on the ability menu to convert to Beogh)
The orc priest misses you.
You open the door.
A sky beast and a shadow come into view.
The orc barely misses you.
An orc priest comes into view. It is wielding a +0 club.
The orc warrior hits you with a +0 short sword.
You die...

### ##<## #...#
##### .⌠.
##...##..Y
#<.⌠..##W#
##(...##'##+
#####.o@..#
##.ooo#
#..........oo.
...#####.#.####
#...# ###.# .#
#


You could see an orc warrior, a sky beast, a shadow, 2 orc priests, 2 orc
wizards and an orc.

Vanquished Creatures
  An endoplasm (D:4)
  A giant cockroach (D:5)
  2 ball pythons
  A bat (D:2)
5 creatures vanquished.

Notes
Turn   | Place    | Note
-------+----------+-------------------------------------------
     0 | D:1      | Bravepunisher the Spriggan Monk began the quest for the
                  | Orb.
     0 | D:1      | Reached XP level 1. HP: 11/11 MP: 2/2
   440 | D:4      | Noticed an iguana
   444 | D:5      | Entered Level 5 of the Dungeon
   444 | D:5      | Noticed an iguana
   493 | D:5      | Noticed a hound
   495 | D:5      | Noticed a scorpion
   496 | D:5      | Noticed an iguana
   544 | D:6      | Found a glowing drain.
   552 | D:6      | Reached XP level 2. HP: 13/16 MP: 3/3
   663 | D:6      | Noticed Jeremiah
   664 | D:6      | Identified the ring "Zempydie" {rCorr Int+4}
   723 | D:7      | Noticed an orc warrior
   728 | D:7      | Noticed a sky beast
   728 | D:7      | Noticed a shadow
   728 | D:7      | Slain by an orc warrior

Illustrated notes

Levels and vault maps discovered:
D:1:      saegor_arrival_simple_b, layout_basic,
          hellmonk_ecumenical_altar_crossroads, solitary_fountain
D:2:      layout_loops_cross, grunt_ministairs_4, minmay_misc_feat_cross
D:3:      wad_woods_pond, layout_loops_corners, okawaru_trees_1
D:4:      layout_layer_cave, gammafunk_temple_overflow_forgotten,
          enter_ossuary_4, kennysheep_generic_room_11
D:5:      layout_cave_pods
D:6:      layout_basic, cheibrodos_sewer_entry_drain, serial_shops, shop,
          serial_corexii_hall, chequers_hall_statues_corner_a,
          corexii_hall_statues_deadend, chequers_hall_statues_corner_a,
          corexii_hall_statues_i, nicolae_tricolors, uniq_jeremiah
D:7:      minmay_chambers_of_fours, layout_rooms, minmay_temple_entry_tees,
          grunt_decor_arrowhead, grunt_ministairs_4, minmay_misc_feat_plants,
          uniq_joseph, uniq_duvessa, uniq_menkaure

Action                     || total
---------------------------++-------
  Melee: Short sword       ||    29
 Armour: Robe              ||    13
  Dodge: Dodged            ||    47

Table legend: (Time is in decaauts)
 A = Elapsed time spent in this place.
 B = Non-inter-level travel time spent in this place.
 C = Inter-level travel time spent in this place.
 D = Time resting spent in this place.
 E = Time spent auto-exploring this place.
 F = Levels seen in this place.
 G = Mean time per level.
                   A        B        C        D        E       F      G
               +--------+--------+--------+--------+--------+-----+--------+
         Total |    463 |    463 |      0 |      0 |    175 |   7 |   66.1 |
       Dungeon |    463 |    463 |      0 |      0 |    175 |   7 |   66.1 |
               +--------+--------+--------+--------+--------+-----+--------+

Top non-repeatable levels by time:
     D:4: 124 daAuts
     D:6: 119 daAuts
     D:2: 112 daAuts
     D:5: 43 daAuts
     D:1: 34 daAuts
     D:3: 22 daAuts
     D:7: 5 daAuts
